 Dungeon Crawl Stone Soup version 0.32-a0-995-gb4a59205af (webtiles) character file.

Game seed: 17650834856067717677

31 protoss039 the Digger (level 3, -2/26 HPs)
             Began as a Demonspawn Earth Elementalist on Apr 22, 2024.
             Succumbed to an adder's poison
             ... on level 2 of the Dungeon.
             The game lasted 00:01:45 (1094 turns).

protoss039 the Digger (DsEE)                        Turns: 1094, Time: 00:01:45

Health: -2/26      AC:  3    Str:  8    XL:     3   Next: 7%
Magic:  0/6        EV: 11    Int: 17    God:
Gold:   70         SH:  0    Dex: 13    Spells: 2/6 levels left

rFire   . . .        e - +0 whip (elec)
rCold   . . .        (no shield)
rNeg    . . .        a - +0 robe
rPois   .            (no helmet)
rElec   .            (no cloak)
rCorr   .            (no gloves)
SInv    .            (no boots)
Will    .....        (no amulet)
Stlth   ++           (no ring)
HPRegen 0.24/turn    (no ring)
MPRegen 0.10/turn

%: no passive effects
@: lethally poisoned (-2 -> -15)
A: rugged brown scales 1
a: no special abilities


You were on level 2 of the Dungeon.
You visited 1 branch of the dungeon, and saw 2 of its levels.

You collected 70 gold pieces.

Inventory:

Hand Weapons
 e - a +0 whip of electrocution (weapon)
 f - a +0 trident of freezing
Armour
 a - a +0 robe (worn)
Magical Staves
 g - a staff of earth
Scrolls
 c - a scroll of poison {unknown}
 d - a scroll of blinking {unknown}
Potions
 b - a potion of might {unknown}


   Skills:
 + Level 1.4 Fighting
 - Level 1.7 Dodging
 - Level 1.7 Stealth
 + Level 2.4 Spellcasting
 - Level 1.0 Conjurations
 + Level 3.1 Earth Magic


You had 2 spell levels left.
You knew the following spells:

 Your Spells              Type           Power      Damage    Failure   Level
a - Sandblast             Erth           24%        2d8       4%          1
b - Passwall              Erth           12%        N/A       16%         3

Your spell library contained the following spells:

 Spells                   Type           Power      Damage    Failure   Level
 Stone Arrow              Conj/Erth      18%        3d8       24%         3
 Brom's Barrelling Bould  Conj/Erth      9%         2d3       61%         4
 Petrify                  Alch/Erth      7%         N/A       67%         4


Dungeon Overview and Level Annotations

Branches:
Dungeon (2/15) Zot: 10885

Altars:

Shops:
D:1 :


Innate Abilities, Weirdness & Mutations

You are partially covered in rugged brown scales. (AC +1, +3% HP)


Message History

Press: ? - help, Shift-Dir - straight line, f/p - adder
Aim: an adder (70% to hit)
The blast of sand misses the adder.
The adder bites you.
You are poisoned.
The adder poisons you! The adder barely misses you.
Unknown command.
You hit the adder.
The adder is lightly wounded.
You feel sick. The adder bites you.
You are more poisoned.
The adder poisons you! The adder bites you.
Your magical contamination has completely faded away.
Unknown command.
You barely miss the adder.
The adder is lightly wounded.
You feel sick. The adder barely misses you.
Unknown command.
You closely miss the adder.
The adder is lightly wounded.
You feel sick. The adder bites you.
You are lethally poisoned!
The adder poisons you!
Unknown command.
You closely miss the adder.
The adder is lightly wounded.
* * * LOW HITPOINT WARNING * * *
You feel very sick. The adder bites you but does no damage.
The adder bites you.
* * * LOW HITPOINT WARNING * * *
You are more poisoned.
The adder poisons you!
Unknown command.
Casting: Sandblast (safe; 4% risk of failure)
Confirm with . or Enter, or press ? or * to list all spells.
Aiming: Sandblast (safe; 4% risk of failure)
Press: ? - help, Shift-Dir - straight line, f/p - adder
Aim: an adder (lightly wounded, 70% to hit)
The blast of sand hits the adder.
The adder is severely wounded.
You die...

############
#..........#
#....#.....#
#.......@#######
#..#.....S.....#
#....<##.#####.#
........##.# #.#
#.#........# #.#
# ##.####### #.#
... #.# ### #.#
#S#


You could see an adder.

Vanquished Creatures
  A ribbon worm (D:2)
  2 endoplasms (D:1)
  2 giant cockroaches (D:1)
  5 goblins (D:1)
  4 jackals (D:1)
  3 kobolds (D:1)
  2 quokkas (D:1)
  3 ball pythons (D:1)
  2 bats (D:1)
  A frilled lizard (D:1)
25 creatures vanquished.

Notes
Turn   | Place    | Note
-------+----------+-------------------------------------------
     0 | D:1      | protoss039 the Demonspawn Earth Elementalist began the
                  | quest for the Orb.
     0 | D:1      | Reached XP level 1. HP: 13/13 MP: 3/3
   326 | D:1      | Gained mutation: You are partially covered in rugged brown
                  | scales. (AC +1, +3% HP) [demonic ancestry]
   326 | D:1      | Reached XP level 2. HP: 13/20 MP: 0/5
   427 | D:1      | Reached skill level 1 in Fighting
   431 | D:1      | Reached skill level 3 in Earth Magic
   449 | D:1      | HP: 1/21 [jackal (1)]
   770 | D:1      | Found Zazinoox's Vocational Training.
   920 | D:1      | Reached XP level 3. HP: 26/26 MP: 4/6
  1040 | D:1      | Learned a level 3 spell: Passwall
  1094 | D:2      | Succumbed to an adder's poison

Illustrated notes

Levels and vault maps discovered:
D:1:      minmay_arrival_diagonal_passages, layout_basic,
          nicolae_shop_vocational
D:2:      layout_loops_corners, kennysheep_donut, kennysheep_decorative_pillar

Skill      XL: |  1  2 |
---------------+-------+-----
Fighting       | 1 |  1.4
Earth Magic    | 3 |  3.1
Dodging        | |  1.7
Stealth        | |  1.7
Spellcasting   | |  2.4
Conjurations   | |  1.0

Action                     || total
---------------------------++-------
  Melee: Unarmed           ||    12
         Dagger            ||    11
         Whip              ||    12
   Cast: Sandblast         ||    42
    Use: Potion            ||     1
   Stab: Sleeping          ||     1
 Armour: Robe              ||    66
  Dodge: Dodged            ||    65

Table legend: (Time is in decaauts)
 A = Elapsed time spent in this place.
 B = Non-inter-level travel time spent in this place.
 C = Inter-level travel time spent in this place.
 D = Time resting spent in this place.
 E = Time spent auto-exploring this place.
 F = Levels seen in this place.
 G = Mean time per level.
                   A        B        C        D        E       F      G
               +--------+--------+--------+--------+--------+-----+--------+
         Total |   1114 |   1067 |     47 |     91 |    758 |   2 |  557.0 |
       Dungeon |   1114 |   1067 |     47 |     91 |    758 |   2 |  557.0 |
               +--------+--------+--------+--------+--------+-----+--------+

Top non-repeatable levels by time:
     D:1: 1057 daAuts
     D:2: 56 daAuts
